 Dungeon Crawl Stone Soup version 0.30-a0-141-g30f27751c5 (webtiles) character file.

Game seed: 852515870528195494

428 bande the Covered (level 6, 0/39 HPs)
             Began as a Gargoyle Fighter on Sept 26, 2022.
             Slain by Menkaure (12 damage)
             ... on level 4 of the Dungeon.
             The game lasted 00:06:53 (3768 turns).

bande the Covered (Gargoyle Fighter)                Turns: 3768, Time: 00:06:53

Health: 0/39       AC: 16    Str: 20    XL:     6   Next: 98%
Magic:  6/6        EV:  7    Int:  8    God:
Gold:   225        SH:  4    Dex: 11    Spells: 5/5 levels left

rFire   . . .      SeeInvis .    a - +1 war axe (flame)
rCold   . . .      Faith    .    c - +0 buckler
rNeg    + . .      Spirit   .    e - +0 chain mail
rPois   ∞          Reflect  .    l - +0 helmet
rElec   +          Harm     .    i - +0 cloak
rCorr   .          Rampage  .    (no gloves)
Will    .....                    (no boots)
Stlth   ..........               b - amulet of regeneration
HPRegen 0.93/turn                (no ring)
MPRegen 0.10/turn                (no ring)

@: no status effects
A: sickness immunity, AC +4, negative energy resistance 1, electricity
resistance, torment resistance 1, petrification resistance
a: no special abilities


You were on level 4 of the Dungeon.
You visited 1 branch of the dungeon, and saw 4 of its levels.

You collected 225 gold pieces.

Inventory:

Hand Weapons
 a - a +1 war axe of flaming (weapon)
Armour
 c - a +0 buckler (worn)
 e - a +0 chain mail (worn)
 i - a +0 cloak (worn)
 l - a +0 helmet (worn)
Jewellery
 b - an amulet of regeneration (around neck)
Potions
 f - 2 potions of curing
 h - 2 potions of haste
 j - a potion of magic {unknown}


   Skills:
 + Level 4.7 Fighting
 + Level 4.5 Axes
 + Level 4.9 Armour
 + Level 4.2 Shields


You had 5 spell levels left.
You didn't know any spells.
Your spell library contained the following spells:

 Spells                   Type           Power      Damage    Failure   Level
 Fireball                 Conj/Fire      0%         3d3       100%        5
 Starburst                Conj/Fire      0%         6d3       100%        6
 Ignition                 Fire           0%         3d3       100%        8


Dungeon Overview and Level Annotations

Branches:
Dungeon (4/15)
 Temple: D:4-7

Altars:
Ashenzari
Hepliaklqana
Makhleb
Qazlal

Annotations:
D:4 Menkaure


Innate Abilities, Weirdness & Mutations

You are immune to sickness and miasma.
Your stone body is resilient. (AC +4)
You are immune to poison.
You resist negative energy. (rN+)
You are resistant to electric shocks. (rElec)
You are resistant to unholy torment.
You are immune to petrification.


Message History

You barely miss the ball python.
The kobold shouts!
The ball python bites you but does no damage.
The ball python constricts you.
You closely miss the ball python. You block the ball python's attack.
The ball python constricts you.
The ball python bites you but does no damage.
The ball python constricts you.
A jelly comes into view.
You closely miss the ball python.
The ball python bites you but does no damage.
The ball python constricts you.
Menkaure mumbles some strange words.
Menkaure seems to speed up.
You slash the ball python! You burn the ball python.
You kill the ball python!
Menkaure hits you! x2
You see here a ball python corpse.
You are too injured to fight recklessly!
You are too injured to fight recklessly!
You are too injured to fight recklessly!
You are too injured to fight recklessly!
You are too injured to fight recklessly!
You are too injured to fight recklessly!
You are too injured to fight recklessly!
You are too injured to fight recklessly!
Unknown command.
You closely miss the kobold. You hit Menkaure. You burn Menkaure.
The kobold hits you but does no damage. Menkaure hits you.
* * * LOW HITPOINT WARNING * * *
Unknown command.
You barely miss the kobold. You hit Menkaure. You burn Menkaure.
Menkaure hits you.
* * * LOW HITPOINT WARNING * * *
The kobold hits you but does no damage.
Menkaure forgets how to speak, silenced by the ages.
You block Menkaure's attack. The kobold hits you but does no damage.
You barely miss the kobold. You hit Menkaure. You burn Menkaure.
Menkaure hits you!
You die...

#.# ####### #.# #...).#
#.# ####.###.# #.#
#........# #.#
#........# #.#
#........# #.
#.#######.......##
#..#+#@.....##.......#
......MK.....###.#.####
......J........†....>#
.......#......†.#.....#
.....?........#.#.##..#
..................# ..#
...^....#######.### ..#
..##########....# .#
...#.###<.....#


You could see Menkaure (fast), a jelly and a kobold.

Vanquished Creatures
  Sigmund (D:3)
  Crazy Yiuf (D:3)
  Natasha (twice) (D:4)
  2 orc wizards
  Terence (D:2)
  Robin (D:2)
  3 adders
  A worm (D:4)
  2 dart slugs (D:3)
  3 orcs (D:1)
  8 endoplasms
  A giant cockroach (D:1)
  15 goblins
  7 hobgoblins
  4 jackals (D:1)
  5 kobolds
  7 ball pythons
  7 bats
  A frilled lizard (D:3)
  2 rats (D:2)
74 creatures vanquished.

Vanquished Creatures (collateral kills)
  An orc (D:3)
1 creature vanquished.

Vanquished Creatures (others)
  A goblin (D:3)
  2 plants
3 creatures vanquished.

Grand Total: 78 creatures vanquished

Notes
Turn   | Place    | Note
-------+----------+-------------------------------------------
     0 | D:1      | bande the Gargoyle Fighter began the quest for the Orb.
     0 | D:1      | Reached XP level 1. HP: 14/14 MP: 1/1
   120 | D:1      | Reached XP level 2. HP: 2/19 MP: 2/2
   653 | D:1      | Reached XP level 3. HP: 23/23 MP: 3/3
  1126 | D:1      | Reached XP level 4. HP: 26/29 MP: 4/4
  1667 | D:2      | Noticed Terence
  1676 | D:2      | Killed Terence
  1677 | D:2      | Reached XP level 5. HP: 18/33 MP: 5/5
  2210 | D:2      | Found a faded altar of an unknown god.
  2411 | D:3      | Noticed Robin
  2663 | D:2      | Killed Robin
  2809 | D:3      | Found a runed translucent door.
  2810 | D:3      | Noticed Crazy Yiuf
  2878 | D:3      | Noticed Sigmund
  2888 | D:3      | Killed Sigmund
  2889 | D:3      | Reached XP level 6. HP: 23/39 MP: 6/6
  3164 | D:3      | Found a broken altar of Ashenzari.
  3164 | D:3      | Found a burning altar of Makhleb.
  3164 | D:3      | Found a stormy altar of Qazlal.
  3426 | D:3      | Found a hazy altar of Hepliaklqana.
  3670 | D:3      | Killed Crazy Yiuf
  3721 | D:4      | Noticed Natasha
  3729 | D:4      | Killed Natasha
  3746 | D:4      | Noticed Natasha
  3750 | D:4      | Killed Natasha
  3756 | D:4      | Noticed Menkaure
  3768 | D:4      | Slain by Menkaure

Illustrated notes

Levels and vault maps discovered:
D:1:      amcnicky_arrival_double_pillar, layout_rooms
D:2:      wander_river, layout_basic, ebering_ecumenical_altar_hall,
          corexii_shack, minmay_tripent, uniq_terence
D:3:      layout_basic, gammafunk_temple_overflow_forgotten,
          nicolae_hepliaklqana_hazy_memory, item_on_display_a, uniq_sigmund,
          uniq_crazy_yiuf_cottage, uniq_robin
D:4:      layout_basic, enter_ossuary_4, glass_columns_a, uniq_menkaure,
          uniq_blork_the_orc, uniq_natasha

Skill      XL: |  1  2  3  4  5 |
---------------+----------------+-----
Axes           | 2 3 4 |  4.5
Armour         | 4 |  4.9
Shields        | 4 |  4.2
Fighting       | 4 |  4.7

Action                   |  1- 3 |  4- 6 || total
-------------------------+-------+-------++-------
Melee: War axe           |    69 |   155 ||   224
  Use: Scroll            |       |     9 ||     9
       Potion            |       |     1 ||     1
Armor: Scale mail        |    31 |       ||    31
       Chain mail        |    34 |   138 ||   172
Dodge: Dodged            |    46 |    62 ||   108
Block: Buckler           |    20 |    33 ||    53

Table legend: (Time is in decaauts)
 A = Elapsed time spent in this place.
 B = Non-inter-level travel time spent in this place.
 C = Inter-level travel time spent in this place.
 D = Time resting spent in this place.
 E = Time spent auto-exploring this place.
 F = Levels seen in this place.
 G = Mean time per level.
                   A        B        C        D        E       F      G
               +--------+--------+--------+--------+--------+-----+--------+
         Total |   3878 |   3856 |     22 |   1469 |   1642 |   4 |  969.5 |
       Dungeon |   3878 |   3856 |     22 |   1469 |   1642 |   4 |  969.5 |
               +--------+--------+--------+--------+--------+-----+--------+

Top non-repeatable levels by time:
     D:2: 1591 daAuts
     D:1: 1180 daAuts
     D:3: 1041 daAuts
     D:4: 64 daAuts
